 Dungeon Crawl Stone Soup version 0.28-a0-48-gfd831c5874 (webtiles) character file.

Game seed: 15334782101217205631

16 flotson the Sneak (level 2, -1/24 HPs)
             Began as a Demonspawn Delver on July 29, 2021.
             Slain by an orc priest (2 damage)
             ... on level 4 of the Dungeon.
             The game lasted 00:01:18 (413 turns).

flotson the Sneak (Demonspawn Delver)                Turns: 413, Time: 00:01:19

Health: -1/24      AC:  3    Str: 12    XL:     2   Next: 41%
Magic:  2/2        EV: 12    Int: 11    God:
Gold:   0          SH:  0    Dex: 14    Spells: 1/1 levels left

rFire   . . .      SeeInvis .   a - +0 hand axe
rCold   . . .      Faith    .   (no shield)
rNeg    . . .      Spirit   .   b - +0 leather armour
rPois   .          Reflect  .   (no helmet)
rElec   .          Harm     .   (no cloak)
rCorr   .          Rampage  .   (no gloves)
Will    .....                   (no boots)
Stlth   ++........              (no amulet)
HPRegen 0.08/turn               (no ring)
MPRegen 0.08/turn               (no ring)

@: hasted, very quick
A: hooves 1
a: no special abilities


You were on level 4 of the Dungeon.
You visited 1 branch of the dungeon, and saw 2 of its levels.

Inventory:

Hand Weapons
 a - a +0 hand axe (weapon)
Armour
 b - a +0 leather armour (worn)
Wands
 g - a wand of digging (3)
Scrolls
 d - a scroll of magic mapping
 h - a scroll of blinking {unknown}
 i - a scroll of identify {unknown}


   Skills:
 + Level 3.2 Fighting
 + Level 2.1 Axes
 + Level 0.7 Armour
 + Level 2.0 Dodging
 - Level 4.5 Stealth


You had one spell level left.
You didn't know any spells.
Your spell library was empty.

Dungeon Overview and Level Annotations

Branches:
Dungeon (5/15)
 Temple: D:4-7

Altars:


Innate Abilities, Weirdness & Mutations

You have large cloven feet.


Message History

You hear a shout!
An orc wizard comes into view. It is wielding a +0 dagger.
As you read the scroll of fear, it crumbles to dust.
You assume a fearsome visage.
The hobgoblin looks frightened!
The kobold looks frightened!
The ogre looks frightened!
The orc wizard looks frightened!
The orc looks frightened!
The orc priest looks frightened!
The hobgoblin looks frightened!
The kobold screams, "Help!"
The ogre begs for mercy.
The orc wizard mumbles some strange words.
The orc wizard flickers and vanishes!
Deactivating autopickup; reactivate with Ctrl-A.
Okay, then.
The hobgoblin gives up.
An orc priest comes into view. It is wielding a +0 hand axe.
The hobgoblin yells, "Help!"
An endoplasm comes into view.
The endoplasm quivers.
The hobgoblin gibbers meaninglessly.
You feel yourself speed up.
The orc priest hits you with a +0 hand axe.
As you read the scroll of fog, it crumbles to dust.
The scroll dissolves into smoke.
The orc priest hits you with a +0 hand axe.
* * * LOW HITPOINT WARNING * * *
You aren't carrying any potions.
You hit the orc priest but do no damage.
The orc priest hits you with a +0 hand axe.
* * * LOW HITPOINT WARNING * * *
You barely miss the orc priest. Your kick misses the orc priest.
The orc priest closely misses you.
You hit the orc priest but do no damage.
You hit the orc priest. You kick the orc priest.
The orc priest is heavily wounded.
The orc priest barely misses you.
You closely miss the orc priest. You kick the orc priest.
The orc priest is severely wounded.
You hit the endoplasm but do no damage.
The orc priest hits you with a +0 hand axe.
You die...

##...##
##...###
##....##
##....##
##....#
#....#
#§§§.#
#§§§.#
#@§§##
#oJ§#
§§§##
§...#
J.oo##
...###
#.g# ..#


You could see an orc priest and an endoplasm.

Vanquished Creatures
  An adder (D:5)
  A shadow imp (D:5)
2 creatures vanquished.

Notes
Turn   | Place    | Note
-------+----------+-------------------------------------------
     0 | D:5      | flotson the Demonspawn Delver began the quest for the Orb.
     0 | D:5      | Reached XP level 1. HP: 18/18 MP: 1/1
    70 | D:5      | Noticed a scorpion
    91 | D:5      | Gained mutation: You have large cloven feet. [demonic
                  | ancestry]
    91 | D:5      | Reached XP level 2. HP: 19/24 MP: 2/2
   372 | D:4      | Noticed an ogre
   409 | D:4      | HP: 1/24 [orc priest (6)]
   413 | D:4      | Slain by an orc priest

Illustrated notes

Levels and vault maps discovered:
D:4:      layout_layer_cave
D:5:      minmay_goblin_kobold_castle, layout_gridville, uniq_prince_ribbit1

Skill      XL: |  1 |
---------------+----+-----
Axes           | 2 |  2.1
Dodging        | 2 |  2.0
Fighting       | |  3.2
Armour         | |  0.7
Stealth        | |  4.5

Action                   || total
-------------------------++-------
Melee: Hand axe          ||    11
       Kick              ||     2
  Use: Potion            ||     2
       Scroll            ||     2
Dodge: Dodged            ||     5

Table legend: (Time is in decaauts)
 A = Elapsed time spent in this place.
 B = Non-inter-level travel time spent in this place.
 C = Inter-level travel time spent in this place.
 D = Time resting spent in this place.
 E = Time spent auto-exploring this place.
 F = Levels seen in this place.
 G = Mean time per level.
                   A        B        C        D        E       F      G
               +--------+--------+--------+--------+--------+-----+--------+
         Total |    393 |    385 |      8 |      0 |    314 |   2 |  196.5 |
       Dungeon |    393 |    385 |      8 |      0 |    314 |   2 |  196.5 |
               +--------+--------+--------+--------+--------+-----+--------+

Top non-repeatable levels by time:
     D:5: 354 daAuts
     D:4: 39 daAuts
